 Dungeon Sprint DCSS version 0.31-a0-18-gea43df2a32 (webtiles) character file.

Game seed: 14741174853513117047

4094 bmack86 the Warrior (level 10, -4/157 HPs)
             Began as a Minotaur Berserker on May 10, 2023.
             Was a High Priest of Trog.
             Slain by an unseen horror (6 damage)
             ... in the Dungeon (Sprint I: "Red Sonja").
             The game lasted 00:05:45 (1274 turns).

bmack86 the Warrior (Minotaur Berserker)            Turns: 1274, Time: 00:05:46

Health: -4/157     AC:  0    Str: 26    XL:     10   Next: 5%
Magic:  9/9        EV: 11    Int:  4    God:    Trog [*****.]
Gold:   731        SH:  0    Dex: 10    Spells: 9/9 levels left

rFire   . . .        l - +0 war axe
rCold   . . .        (no shield)
rNeg    . . .        j - +0 ring mail
rPois   .            (helmet restricted)
rElec   .            p - +0 cloak
rCorr   .            (no gloves)
SInv    .            o - +0 pair of boots
Will    .....        (no amulet) Stlth
                     (no ring)
HPRegen 0.46/turn    (no ring)
MPRegen 0.11/turn

%: no teleportation
@: berserking, corroded, very quick
A: horns 2, retaliatory headbutt
a: Renounce Religion, Berserk, Trog's Hand, Brothers in Arms


You were in the Dungeon.
You worshipped Trog.
Trog was extremely pleased with you.
You visited 1 branch You collected 1093 gold pieces.
You spent 362 gold pieces at shops.

Inventory:

Hand Weapons
 a - a +0 hand axe
 l - a +0 war axe (weapon)
Missiles
 i - 2 curare-tipped darts (quivered)
Armour
 b - a +0 animal skin
 j - a +0 ring mail (worn)
 o - a +0 pair of boots (worn)
 p - a +0 cloak (worn)
Scrolls
 h - a scroll of blinking
 n - a scroll of fear {unknown}
Potions
 c - 3 potions of curing
 d - 2 potions of heal wounds
 e - a potion of haste
 f - 2 potions of magic
 g - a potion of berserk rage
 k - a potion of mutation
 m - a potion of attraction {unknown}


   Skills:
 + Level 15.0 Fighting
 + Level 15.0 Axes
 + Level 4.7 Throwing
 + Level 14.7 Armour
 - Level 2.1 Dodging
 + Level 8.5 Evocations


You had 9 spell levels left.
You didn't know any spells.
Your spell library was empty.

Dungeon Overview and Level Annotations

Branches:
Dungeon (1/1)

Altars:
Cheibriados
Dithmenos
Elyvilon
Fedhas
Gozag
Hepliaklqana
Kikubaaqudgha
Makhleb
Nemelex Xobeh
Okawaru
Qazlal
Ru
Sif Muna
Trog
Uskayaw
Vehumet
Wu Jian
Xom
Yredelemnul
Zin
The Shining One
Jiyva
Lugonu

Shops:
D (![


Innate Abilities, Weirdness & Mutations

You have a pair of horns on your head.
You reflexively headbutt those who attack you in melee.


Message History

Your hands burn!
You hit the jelly.
Your hands burn!
Something hits you!
Your ogre barely misses the jelly.
The jelly closely misses you. The jelly hits you. The acid corrodes you!
You are splashed with acid!
The jelly hits you.
You are splashed with acid.
A red film seems to cover your vision as you go berserk!
You feel yourself moving faster!
You feel mighty!
Your ogre hits the jelly with a +0 giant spiked club!!
The jelly dies!
Trog accepts your kill.
Trog will now gift you melee weapons as you gain piety.
The jelly hits you.
You are splashed with acid.
The jelly hits you.
You are splashed with acid!
Your Fighting skill increases to level 15!
You hit the jelly.
You kill the jelly!
Trog accepts your kill.
You slash something! You slash the jelly!
Your hands burn!
Something hits you!
* * * LOW HITPOINT WARNING * * *
Something hits you!
* * * LOW HITPOINT WARNING * * *
Your Axes skill increases to level 15!
Okay, then.
Something hits you.
* * * LOW HITPOINT WARNING * * *
Something hits you.
* * * LOW HITPOINT WARNING * * *
The jelly hits your ogre.
Your ogre is splashed with acid.
The acid corrodes your ogre!
The necrophage closely misses your ogre.
You feel a strong urge to attack something.
Something hits you!
* * * LOW HITPOINT WARNING * * *
Your ogre hits the jelly with a +0 giant spiked club!!
The jelly dies!
Trog accepts your kill. Something hits you.
* * * LOW HITPOINT WARNING * * *
The necrophage hits your ogre.
You slice something!! Something hits you.
You die...

.__##_.#+##)#####'###
___###'#)#.).)###.§.#
######.####'###.###§#
....'...'[....'.∩##.#
+####.).###########§#
###.###. #§#
#.#'#.#.. +.#
#.....#++.######§#
#.([..#......@§#§#
#######....O.{#§.#
}....n..~####
.......~~# .....~~~##
..~~~~### ######


You could see a necrophage (ally target) and a friendly ogre (summoned, berserk,
corroded).

Vanquished Creatures
  2 centaur warriors (D)
  A deep troll (D)
  An oklob plant (D)
  2 kobold demonologists (D)
  A hornet (D)
  A slime creature (D)
  Sigmund (D)
  A yak (D)
  A basilisk (D)
  2 redbacks (D)
  2 floating eyes (D)
  An ogre (D)
  2 jellies (D)
  Ijyb (D)
19 creatures vanquished.

Vanquished Creatures (collateral kills)
  5 jellies (D)
5 creatures vanquished.

Vanquished Creatures (others)
  2 ballistomycete spores (D)
2 creatures vanquished.

Grand Total: 26 creatures vanquished

Notes
Turn   | Place    | Note
-------+----------+-------------------------------------------
     0 | D        | bmack86 the Minotaur Berserker began the quest for the Orb.
     0 | D        | Reached XP level 1. HP: 19/19 MP: 0/0
     3 | D        | Noticed Ijyb
    11 | D        | Killed Ijyb
    12 | D        | Reached skill level 5 in Fighting
    12 | D        | Reached skill level 5 in Axes
    12 | D        | Reached XP level 2. HP: 29/29 MP: 1/1
    57 | D        | Noticed an ogre
    60 | D        | Killed an ogre
    61 | D        | Reached XP level 3. HP: 39/39 MP: 2/2
    61 | D        | Reached XP level 4. HP: 47/47 MP: 3/3
   100 | D        | Noticed Sigmund
   103 | D        | Killed Sigmund
   103 | D        | Reached ** piety under Trog
   104 | D        | Reached XP level 5. HP: 57/57 MP: 4/4
   143 | D        | Found a burning altar of Makhleb.
   143 | D        | Found a viscous altar of Jiyva.
   143 | D        | Found a shimmering altar of Xom.
   143 | D        | Found a corrupted altar of Lugonu.
   143 | D        | Noticed a slime creature
   153 | D        | Killed a slime creature
   154 | D        | Reached skill level 10 in Fighting
   154 | D        | Reached skill level 10 in Axes
   154 | D        | Reached skill level 10 in Armour
   154 | D        | Reached XP level 6. HP: 67/67 MP: 5/5
   199 | D        | Found an ornate altar of the Wu Jian Council.
   199 | D        | Found a shimmering blue altar of Sif Muna.
   201 | D        | Found a radiant altar of Vehumet.
   234 | D        | Found Antigec's Distillery.
   234 | D        | Found an ancient bone altar of Kikubaaqudgha.
   234 | D        | Found a hazy altar of Hepliaklqana.
   234 | D        | Found a stormy altar of Qazlal.
   234 | D        | Found a hide-covered altar of Uskayaw.
   234 | D        | Found a blossoming altar of Fedhas.
   234 | D        | Found a bloodstained altar of Trog.
   234 | D        | Found an iron altar of Okawaru.
   234 | D        | Found a basalt altar of Yredelemnul.
   234 | D        | Found a glowing golden altar of the Shining One.
   234 | D        | Found a snail-covered altar of Cheibriados.
   234 | D        | Found a sacrificial altar of Ru.
   234 | D        | Found a glowing silver altar of Zin.
   234 | D        | Found a shadowy altar of Dithmenos.
   234 | D        | Found a white marble altar of Elyvilon.
   234 | D        | Noticed a yak
   239 | D        | Killed a yak
   240 | D        | Reached XP level 7. HP: 74/74 MP: 6/6
   240 | D        | Found an opulent altar of Gozag.
   241 | D        | Found a sparkling altar of Nemelex Xobeh.
   245 | D        | Bought a potion of mutation for 104 gold pieces
   245 | D        | Bought a potion of heal wounds for 65 gold pieces
   284 | D        | Noticed Sonja
   285 | D        | Sonja changed into Sonja the basilisk
   285 | D        | Noticed Sonja
   321 | D        | Killed Sonja the basilisk
   340 | D        | Found Oqiv's Antique Weapon Boutique.
   348 | D        | Bought a war axe for 77 gold pieces
   508 | D        | Noticed a deep troll
   518 | D        | Killed a deep troll
   518 | D        | Reached *** piety under Trog
   519 | D        | Reached XP level 8. HP: 31/85 MP: 7/7
   528 | D        | Found Ucickyun's Armour Emporium.
   536 | D        | Bought a +0 pair of boots for 58 gold pieces
   536 | D        | Bought a +0 cloak for 58 gold pieces
   705 | D        | Noticed a centaur warrior
   708 | D        | Noticed a centaur warrior
   716 | D        | Killed a centaur warrior
   719 | D        | Killed a centaur warrior
   720 | D        | Reached XP level 9. HP: 28/94 MP: 8/8
   943 | D        | Paralysed by a hornet for 3 turns
   948 | D        | Reached skill level 1 in Throwing
  1112 | D        | Noticed an oklob plant
  1121 | D        | Killed an oklob plant
  1121 | D        | Reached **** piety under Trog
  1162 | D        | Noticed a kobold demonologist
  1162 | D        | Noticed a kobold demonologist
  1171 | D        | Killed a kobold demonologist
  1172 | D        | Noticed a rust devil
  1172 | D        | Killed a kobold demonologist
  1229 | D        | Reached ***** piety under Trog
  1259 | D        | Reached XP level 10. HP: 104/104 MP: 9/9
  1271 | D        | Reached skill level 15 in Fighting
  1272 | D        | Reached skill level 15 in Axes
  1273 | D        | HP: 2/157 [something (6)]
  1274 | D        | Slain by an unseen horror

Illustrated notes

Levels and vault maps discovered:
D:        dungeon_sprint_1 [red_sonja_temple_1, red_sonja_temple_small_1]

Skill      XL: |  1  2  3  4  5  6  7  8  9 10 |
---------------+-------------------------------+-----
Fighting       | 5 7 9 10 11 12 13 14 15 | 15.0
Axes           | 5 7 9 10 11 12 13 14 15 | 15.0
Armour         | 4 6 8 10 12 13 14 | 14.7
Evocations     | 2 4 7 8 |  8.5
Throwing       | 4 |  4.7
Dodging        | |  2.1

Action                     |  1- 3 |  4- 6 |  7- 9 | 10-12 || total
---------------------------+-------+-------+-------+-------++-------
  Melee: Hand axe          |     7 |    18 |    17 |       ||    42
         Unarmed           |     2 |       |       |       ||     2
         Headbutt          |     1 |     3 |    12 |     1 ||    17
         War axe           |       |       |    37 |     5 ||    42
 Invoke: Berserk           |     2 |     3 |     6 |     1 ||    12
         Brothers in Arms  |       |       |       |     1 ||     1
  Evoke: Wand              |       |       |     1 |       ||     1
   Stab: Distracted        |       |       |       |     1 ||     1
 Armour: Ring mail         |       |     2 |    16 |     4 ||    22
  Dodge: Dodged            |     2 |     4 |     7 |     2 ||    15

Table legend: (Time is in decaauts)
 A = Elapsed time spent in this place.
 B = Non-inter-level travel time spent in this place.
 C = Inter-level travel time spent in this place.
 D = Time resting spent in this place.
 E = Time spent auto-exploring this place.
 F = Levels seen in this place.
 G = Mean time per level.
                   A        B        C        D        E       F      G
               +--------+--------+--------+--------+--------+-----+--------+
         Total |   1368 |   1368 |      0 |    815 |      0 |   1 | 1368.0 |
       Dungeon |   1368 |   1368 |      0 |    815 |      0 |   1 | 1368.0 |
               +--------+--------+--------+--------+--------+-----+--------+

Top non-repeatable levels by time:
       D: 1368 daAuts
